 Dungeon Crawl Stone Soup version 0.25-a0-577-ga4619f409e (webtiles) character file.

Game seed: 13118793380012570722, levelgen mode: deterministic

301 kae the Sneak (level 6, -2/41 HPs)
             Began as a Vampire Enchanter on Mar 2, 2020.
             Slain by an ogre
             ... wielding a +0 giant spiked club
              (18 damage)
             ... on level 5 of the Dungeon.
             The game lasted 00:02:47 (2557 turns).

kae the Sneak (Vampire Enchanter)                   Turns: 2557, Time: 00:02:47

Health: -2/41      AC:  5    Str: 14    XL:     6   Next: 14%
Magic:  6/10       EV: 13    Int: 17    God:
Gold:   166        SH:  0    Dex: 15    Spells: 5/11 levels left

rFire    . . .     SeeInvis +   a - +2 dagger
rCold    . . .     Gourm    .   (no shield)
rNeg     . . .     Faith    .   b - +0 robe
rPois    .         Spirit   .   h - +2 helmet
rElec    .         Reflect  .   (no cloak)
rCorr    .         Harm     .   (no gloves)
MR       .....                  (no boots)
Stlth    +++.......             (no amulet)
HPRegen  0.33/turn              d - +5 ring of strength
MPRegen  0.12/turn              (no ring)

@: regenerating quickly
A: no food, fangs 3, see invisible, unbreathing
a: Exsanguinate


You were on level 5 of the Dungeon.
You were alive.

You visited 1 branch of the dungeon, and saw 5 of its levels.

You collected 166 gold pieces.

Inventory:

Hand Weapons
 a - a +2 dagger (weapon)
Armour
 b - a +0 robe (worn)
 h - a +2 helmet (worn)
Jewellery
 d - a +5 ring of strength (left hand)
Scrolls
 f - a scroll of fear
 g - 2 scrolls of remove curse
Potions
 c - a potion of heal wounds
 e - 3 potions of curing
 i - a potion of lignification {unknown}
 j - a potion of degeneration {unknown}


   Skills:
 * Level 4.3 Short Blades
 - Level 2.1 Dodging
 + Level 6.2 Stealth
 + Level 3.1 Spellcasting
 + Level 5.9 Hexes


You had 5 spell levels left.
You knew the following spells:

 Your Spells              Type           Power        Failure   Level  Hunger
a - Corona                Hex            ###....      1%          1    N/A
b - Ensorcelled Hibernat  Hex/Ice        ##....       8%          2    N/A
c - Confusing Touch       Hex            ###.....     4%          3    N/A

Your spell library contained the following spells:

 Spells                   Type           Power        Failure   Level  Hunger
 Tukima's Dance           Hex            ###.....     4%          3    N/A
 Dazzling Flash           Conj/Hex       ##....       16%         3    N/A

Dungeon Overview and Level Annotations

Branches:
Dungeon (6/15)
 Temple: D:4-7

Altars:


Innate Abilities, Weirdness & Mutations

You do not eat.
Your natural rate of healing is unusually fast.
You have razor-sharp teeth.
You have supernaturally acute eyesight. (SInv)
You can survive without breathing.


Message History

You start resting.
Magic restored.
You climb upwards.
The ogre hits you with a +0 giant spiked club!!
Ouch! That really hurt!
There is a stone staircase leading down, spattered with blood here.
Casting: Ensorcelled Hibernation (safe; 8% risk of failure)
Confirm with . or Enter, or press ? or * to list all spells.
Aiming: Ensorcelled Hibernation (safe; 8% risk of failure)
Press: ? - help, Shift-Dir - straight line, f - ogre
Aim: an ogre, wielding a +0 giant spiked club (chance to defeat MR: 43%)
The ogre resists with some effort.
The ogre closely misses you.
Casting: Ensorcelled Hibernation (safe; 8% risk of failure)
Confirm with . or Enter, or press ? or * to list all spells.
Aiming: Ensorcelled Hibernation (safe; 8% risk of failure)
Press: ? - help, Shift-Dir - straight line, f/p - ogre
Aim: an ogre, wielding a +0 giant spiked club (chance to defeat MR: 43%)
The ogre resists with some effort.
The ogre hits you with a +0 giant spiked club!!
You die...

# .# . #.#...
..#...
######......
#...@...#
#..O....#
##.......#
#........###
#...........
#...........#
#............
##...........#
#...........##


You could see an ogre.

Vanquished Creatures
  An ogre (D:6)
  2 crimson imps (D:6)
  A worker ant (D:6)
  4 adders
  A shadow imp (D:3)
  6 worms
  2 dart slugs (D:3)
  3 leopard geckos
  5 giant cockroaches
  5 goblins
  7 hobgoblins
  6 jackals
  2 ball pythons
  5 bats
  3 frilled lizards
  5 kobolds
  3 rats
61 creatures vanquished.

Notes
Turn   | Place    | Note
-------+----------+-------------------------------------------
     0 | D:1      | kae the Vampire Enchanter began the quest for the Orb.
     0 | D:1      | Reached XP level 1. HP: 13/13 MP: 3/3
   215 | D:1      | Reached XP level 2. HP: 7/19 MP: 1/5
   280 | D:1      | Learned a level 2 spell: Ensorcelled Hibernation
   919 | D:2      | Reached XP level 3. HP: 16/24 MP: 6/6
  1017 | D:2      | Reached skill level 5 in Stealth
  1171 | D:2      | Reached skill level 5 in Hexes
  1190 | D:2      | Found a faded altar of an unknown god.
  1450 | D:2      | Reached XP level 4. HP: 30/30 MP: 4/7
  1496 | D:2      | Learned a level 3 spell: Confusing Touch
  2191 | D:3      | You fall into a shaft and drop 3 floors!
  2224 | D:6      | Reached XP level 5. HP: 35/35 MP: 0/9
  2365 | D:5      | Entered Level 5 of the Dungeon
  2384 | D:5      | Noticed an ogre
  2483 | D:6      | Noticed an ogre
  2501 | D:6      | Killed an ogre
  2501 | D:6      | Reached skill level 6 in Stealth
  2501 | D:6      | Reached XP level 6. HP: 41/41 MP: 3/10
  2557 | D:5      | Slain by an ogre

Levels and vault maps discovered:
D:1:      matt_arrival_grand_opening, layout_loops_corners
D:2:      layout_loops_ring, chequers_ecumenical_altar_twisty, first_ration,
          corexii_item_surrounded_by_moat, kennysheep_generic_room_16
D:3:      layout_basic, hangedman_decor_diamond_cutter
D:5:      cheibrodos_iron_armory, layout_cave_pods, old_standard_altar,
          elyvilon_altar_4, uniq_eustachio
D:6:      layout_loops_ring, overflow_temple_1_default, uniq_prince_ribbit1,
          uniq_menkaure

Skill      XL: |  1  2  3  4  5 |
---------------+----------------+-----
Short Blades   | 2 3 4 |  4.3
Stealth        | 5 6 |  6.2
Hexes          | 5 |  5.9
Spellcasting   | 3 |  3.1
Dodging        | |  2.1

Action                   |  1- 3 |  4- 6 || total
-------------------------+-------+-------++-------
Melee: Dagger            |   130 |    85 ||   215
       Bite              |     6 |     6 ||    12
 Cast: Corona            |     8 |       ||     8
       Ensorcelled Hiber |    14 |    22 ||    36
  Use: Scroll            |     4 |     2 ||     6
 Stab: Sleeping          |    11 |    12 ||    23
Armor: Robe              |    29 |    16 ||    45
Dodge: Dodged            |    79 |    45 ||   124

Table legend:
 A = Non-vault XP
 B = Vault XP
 C = Vault XP percentage of total XP
 D = Non-vault monster count
 E = Vault monster count
 F = Vault count percentage of total count
                 A         B        C        D         E       F
            +---------+---------+-------+---------+---------+-------
      Total |     426 |       5 |   1.2 |      58 |       3 |   4.9
            +---------+---------+-------+---------+---------+-------
        D:1 |      23 |       0 |   0.0 |      13 |       0 |   0.0
        D:2 |      88 |       5 |   5.4 |      23 |       3 |  11.5
        D:3 |      63 |       0 |   0.0 |      18 |       0 |   0.0
        D:6 |     252 |       0 |   0.0 |       4 |       0 |   0.0
            +---------+---------+-------+---------+---------+-------
